 Dungeon Crawl Stone Soup version 0.19.0-2-gae57169 (webtiles) character file.

362 JeffiDaFish the Covered (level 6, 0/38 HPs)
             Began as a Gargoyle Fighter on Nov 7, 2016.
             Was an Initiate of Makhleb.
             Slain by an ogre
             ... wielding a +0 giant club
              (22 damage)
             ... on level 4 of the Dungeon.
             The game lasted 00:07:35 (3564 turns).

JeffiDaFish the Covered (Gargoyle Fighter)          Turns: 3564, Time: 00:07:35

Health: 0/38       AC: 14    Str: 21    XL:     6   Next: 66%
Magic:  6/6        EV:  4    Int: 12    God:    Makhleb [......]
Gold:   272        SH: 14    Dex:  9    Spells: 0 memorised, 5 levels left

rFire  . . .     SeeInvis .     a - +2 flail
rCold  . . .     Gourm    .     j - +0 chain mail
rNeg   + . .     Faith    .     e - +0 large shield
rPois  ∞         Spirit   .     (no helmet)
rElec  +         Reflect  .     (no cloak)
rCorr  .         Harm     .     (no gloves)
MR     .....                    (no boots)
Stlth  ..........               (no amulet)
                                (no ring)
                                i - +3 ring of intelligence

@: very slightly contaminated
A: negative energy resistance 1, electricity resistance, unbreathing,
petrification resistance, rot immunity, AC +4
a: Renounce Religion


You were on level 4 of the Dungeon.
You worshipped Makhleb.
Makhleb was noncommittal.
You were not hungry.

You visited 1 branch of the dungeon, and saw 4 of its levels.

You collected 272 gold pieces.

Inventory:

Hand Weapons
 a - a +2 flail (weapon)
Armour
 e - a +0 large shield (worn)
 j - a +0 chain mail (worn)
Jewellery
 i - a +3 ring of intelligence (left hand)
Scrolls
 h - a scroll of teleportation
 n - 2 scrolls of recharging
Potions
 d - a potion of might
 k - a potion of brilliance
 m - a potion of cancellation
 o - 2 potions of cure mutation
Comestibles
 b - 2 chunks of flesh
 c - 8 fruits
 f - 3 bread rations
 g - 2 meat rations
 l - a slice of pizza


   Skills:
 + Level 4.1 Fighting
 + Level 4.4 Maces & Flails
 + Level 4.7 Armour
 + Level 0.7 Dodging
 + Level 0.2 Stealth
 + Level 4.6 Shields


You had 5 spell levels left.
You didn't know any spells.

Dungeon Overview and Level Annotations

Branches:
Dungeon (4/15)             Temple (0/1) D:4

Altars:
Gozag
Makhleb
Ru
Trog


Innate Abilities, Weirdness & Mutations

You are resistant to torment.
Your stone body is resilient. (AC +4)
You are immune to poison.
You resist negative energy. (rN+)
You are resistant to electric shocks. (rElec)
You can survive without breathing.
You are immune to petrification.
You are immune to rotting.


Message History

You block the ogre's attack.
You barely miss the ogre. You block the ogre's attack.
You hit the ogre but do no damage. You block the ogre's attack.
You sock the ogre!
The ogre is heavily wounded.
The ogre hits you but does no damage.
You thump the ogre!
The ogre is almost dead.
The ogre hits you but does no damage.
You hit the ogre.
The ogre is almost dead.
You block the ogre's attack.
Your shield prevents you from hitting the ogre.
The ogre is almost dead.
The ogre hits you with a giant club!
Your shield and chain mail prevent you from hitting the ogre.
The ogre is almost dead.
The ogre hits you with a giant club!!
Ouch! That really hurt!
You die...

.......###.#######....?....# .#.
.................#.........# ..
.................#.........# #
.................#....###### #
####....>........#....###########
#.............#...............
#.............#...............
#.............#...............
#............@#####...........
.........O..##...........
.........##.#<###########
.........# #. #########
########## #. #........ ..
#(....... ##### #...>.... #...#
#........ ####### #.#.# #........


You could see an ogre.

Vanquished Creatures
  A phantom (D:4)
  An ogre (D:4)
  A scorpion (D:4)
  An iguana (D:4)
  A worker ant (D:4)
  2 adders
  An ooze (D:1)
  A worm (D:3)
  2 leopard geckos (D:1)
  3 orcs
  5 bats
  3 giant cockroaches
  10 goblins
  6 hobgoblins
  2 jackals (D:1)
  3 quokkas
  2 ball pythons
  A ball python skeleton (D:4)
  3 frilled lizards
  6 kobolds
  A leopard gecko zombie (D:3)
  5 rats
61 creatures vanquished.

Notes
Turn   | Place    | Note
-------+----------+-------------------------------------------
     0 | D:1      | JeffiDaFish the Gargoyle Fighter began the quest for the Orb.
     0 | D:1      | Reached XP level 1. HP: 14/14 MP: 1/1
    40 | D:1      | Reached XP level 2. HP: 19/19 MP: 2/2
   543 | D:1      | Reached XP level 3. HP: 24/24 MP: 3/3
  1944 | D:3      | Reached XP level 4. HP: 29/29 MP: 4/4
  2065 | D:3      | Found an opulent altar of Gozag.
  2206 | D:3      | Found a sacrificial altar of Ru.
  2618 | D:3      | Found a bloodstained altar of Trog.
  2620 | D:3      | Found a burning altar of Makhleb.
  2704 | D:3      | Became a worshipper of Makhleb the Destroyer
  3267 | D:4      | Noticed an ogre
  3282 | D:4      | Killed an ogre
  3282 | D:4      | Reached XP level 5. HP: 33/33 MP: 5/5
  3328 | D:4      | Reached XP level 6. HP: 15/38 MP: 6/6
  3398 | D:4      | Found a staircase to the Ecumenical Temple.
  3496 | D:4      | Noticed a phantom
  3520 | D:4      | Killed a phantom
  3564 | D:4      | Slain by an ogre

Skill      XL: |  1  2  3  4  5 |
---------------+----------------+-----
Armour         | 4 |  4.7
Maces & Flails | 3 4 |  4.4
Fighting       | 4 |  4.1
Shields        | 4 |  4.6
Dodging        | |  0.7
Stealth        | |  0.2

Action                   |  1- 3 |  4- 6 || total
-------------------------+-------+-------++-------
Melee: Flail             |   103 |   197 ||   300
  Use: Scroll            |     5 |     4 ||     9
       Potion            |     4 |     5 ||     9
 Stab: Invisible         |       |     2 ||     2
  Eat: Chunk             |     3 |     1 ||     4
       Meat ration       |       |     1 ||     1
Armor: Scale mail        |    46 |       ||    46
       Chain mail        |       |    54 ||    54
Dodge: Dodged            |    16 |    13 ||    29
Block: Shield            |     4 |       ||     4
       Large shield      |    67 |   107 ||   174
